 Dungeon Crawl Stone Soup version 0.29-a0-993-g4a18f31a58 (webtiles) character file.

Game seed: 9274184333116439315

108 siradein the Trooper (level 4, -14/39 HPs)
             Began as a Barachi Berserker on Aug 2, 2022.
             Was a Follower of Trog.
             Demolished by an ogre
             ... wielding a +0 giant club
              (30 damage)
             ... on level 4 of the Dungeon on Aug 3, 2022.
             The game lasted 00:12:10 (2697 turns).

siradein the Trooper (Barachi Berserker)            Turns: 2697, Time: 00:12:10

Health: -14/39     AC:  9    Str: 18    XL:     4   Next: 87%
Magic:  0/4        EV:  8    Int:  8    God:    Trog [*.....]
Gold:   196        SH:  0    Dex: 19    Spells: 3/3 levels left

rFire   . . .      SeeInvis .   s - +0 long sword
rCold   . . .      Faith    .   (no shield)
rNeg    . . .      Spirit   +   a - +0 chain mail
rPois   .          Reflect  .   (no helmet)
rElec   .          Harm     .   (no cloak)
rCorr   .          Rampage  .   e - +0 pair of gloves
Will    .....                   (no boots)
Stlth   ..........              d - amulet of guardian spirit
HPRegen 0.13/turn               r - +6 ring of dexterity
MPRegen 0.09/turn               (no ring)

@: unable to hop, on berserk cooldown, slowed, very slow
A: amphibious, slowness 1, strong legs 1, +LOS
a: Hop, Renounce Religion, Berserk


You were on level 4 of the Dungeon.
You worshipped Trog.
Trog was aware of your devotion.
You visited 1 branch of the dungeon, and saw 4 of its levels.

You collected 196 gold pieces.

Inventory:

Hand Weapons
 s - a +0 long sword (weapon)
Missiles
 b - 2 boomerangs
 f - 38 stones (quivered)
Armour
 a - a +0 chain mail (worn)
 e - a +0 pair of gloves (worn)
Jewellery
 d - an amulet of guardian spirit (around neck)
 h - an amulet of magic regeneration
 r - a +6 ring of dexterity (left hand)
Scrolls
 g - a scroll of enchant armour {unknown}
 i - a scroll of poison {unknown}
 j - 2 scrolls of amnesia
 k - a scroll of enchant weapon {unknown}
 o - a scroll of blinking {unknown}
 q - a scroll of teleportation {unknown}
 u - a scroll of immolation {unknown}
Potions
 c - a potion of lignification
 l - a potion of resistance {unknown}
 m - a potion of haste
 n - 3 potions of curing
 p - a potion of attraction {unknown}
 t - a potion of heal wounds {unknown}


   Skills:
 + Level 5.3 Fighting
 + Level 5.2 Long Blades
 - Level 2.4 Armour
 - Level 2.1 Dodging


You had 3 spell levels left.
You didn't know any spells.
Your spell library was empty.

Dungeon Overview and Level Annotations

Branches:
Dungeon (4/15)
 Temple: D:4-7

Altars:
Ashenzari
Qazlal


Innate Abilities, Weirdness & Mutations

You are amphibious.
You cover ground slowly.
You can hop short distances.
You have an extended range of vision and can be seen from far away.


Message History

Trog accepts your kill. The gnoll hits you but does no damage.
The gnoll hits you with a +0 spear.
Things that are here:
a +0 spear; a throwing net You barely miss the gnoll.
The gnoll hits you with a +0 spear.
A gnoll comes into view. It is wielding a +0 club.
You barely miss the gnoll.
You are no longer berserk.
You are exhausted.
You feel yourself slow down.
The gnoll shouts!
You hit the gnoll.
The gnoll is moderately wounded.
The gnoll hits you but does no damage. The hobgoblin barely misses you.
The gnoll barely misses you.
You slash the gnoll!
You kill the gnoll!
Trog accepts your kill.
An ogre comes into view. It is wielding a +0 giant club.
The hobgoblin hits you but does no damage. x2
You slash the hobgoblin!
You kill the hobgoblin!
Trog accepts your kill.
You closely miss the gnoll. The gnoll hits you but does no damage.
Hop to where?
Press: ? - help, Dir - move target Boing!
The gnoll attacks as you move away! The gnoll hits you with a +0 club!
The gnoll closely misses you. The gnoll closely misses you.
You see here a +0 scale mail.
The gnoll attacks as you move away! The gnoll hits you but does no damage.
The gnoll hits you with a +0 club. The ogre attacks as you move away!
The ogre hits you with a +0 giant club! The gnoll attacks as you move away!
The gnoll hits you with a +0 club. The gnoll hits you but does no damage.
The ogre hits you with a +0 giant club!!
Ouch! That really hurt!
You die...

###.###....# ..##
###....#.....##...##
##.#..........#.....
#....)...#......# .
#....)..........# .#
#.......<.......###..##
##....[...#.##.........
#....#..#####....###..
##.##.@.# #..........
#.#.Og#####..####.###
###.........## #
#...[#.....#
#....#.....#.##
###.............
#...#....#..#..#
######.......#### .
#...##†....###


You could see an ogre and a gnoll.

Vanquished Creatures
  A hound (D:4)
  3 gnolls (D:4)
  3 worms
  3 dart slugs
  2 orcs (D:3)
  2 endoplasms
  2 giant cockroaches
  2 goblins (D:2)
  3 hobgoblins
  4 kobolds
  2 quokkas
  A ball python (D:2)
  A bat (D:2)
  3 frilled lizards
  4 rats
36 creatures vanquished.

Vanquished Creatures (others)
  4 toadstools (D:1)
4 creatures vanquished.

Grand Total: 40 creatures vanquished

Notes
Turn   | Place    | Note
-------+----------+-------------------------------------------
     0 | D:1      | siradein the Barachi Berserker began the quest for the Orb.
     0 | D:1      | Reached XP level 1. HP: 18/18 MP: 1/1
  1096 | D:2      | Found a stormy altar of Qazlal.
  1155 | D:2      | Reached XP level 2. HP: 20/25 MP: 2/2
  1454 | D:2      | Found a faded altar of an unknown god.
  1778 | D:3      | Reached XP level 3. HP: 28/31 MP: 3/3
  2596 | D:3      | Found a broken altar of Ashenzari.
  2676 | D:4      | Reached skill level 5 in Fighting
  2676 | D:4      | Reached skill level 5 in Long Blades
  2676 | D:4      | Reached XP level 4. HP: 39/39 MP: 4/4
  2687 | D:4      | Noticed an ogre
  2697 | D:4      | Demolished by an ogre

Illustrated notes

Levels and vault maps discovered:
D:1:      ldierk_walled_garden_2, layout_loops_ring
D:2:      layout_rooms, shapermc_ecumenical_altar_venn, basic_altar
D:3:      layout_loops_ring, general_overflow_altar, serial_bayou_ford_a,
          feat_on_display
D:4:      layout_cave_pools, lemuel_crystal_altar,
          nicolae_dithmenos_through_a_glass_darkly,
          nicolae_wu_jian_immortal_techniques, nicolae_ossuary_entry_giza

Skill      XL: |  1  2  3 |
---------------+----------+-----
Fighting       | 4 5 |  5.3
Long Blades    | 4 5 |  5.2
Armour         | |  2.4
Dodging        | |  2.1

Action                   |  1- 3 |  4- 6 || total
-------------------------+-------+-------++-------
Melee: Falchion          |    67 |       ||    67
       Long sword        |    45 |    12 ||    57
Invok: Berserk           |     1 |       ||     1
 Abil: Hop               |     1 |     1 ||     2
  Use: Scroll            |     6 |       ||     6
Armor: Leather armour    |    22 |       ||    22
       Chain mail        |    15 |    11 ||    26
Dodge: Dodged            |    63 |     6 ||    69

Table legend: (Time is in decaauts)
 A = Elapsed time spent in this place.
 B = Non-inter-level travel time spent in this place.
 C = Inter-level travel time spent in this place.
 D = Time resting spent in this place.
 E = Time spent auto-exploring this place.
 F = Levels seen in this place.
 G = Mean time per level.
                   A        B        C        D        E       F      G
               +--------+--------+--------+--------+--------+-----+--------+
         Total |   3084 |   2974 |    110 |    100 |   2476 |   4 |  771.0 |
       Dungeon |   3084 |   2974 |    110 |    100 |   2476 |   4 |  771.0 |
               +--------+--------+--------+--------+--------+-----+--------+

Top non-repeatable levels by time:
     D:1: 1191 daAuts
     D:3: 984 daAuts
     D:2: 811 daAuts
     D:4: 97 daAuts
